 Dungeon Crawl Stone Soup version 0.27.0-1-g7a089689b8 (webtiles) character file.

Game seed: 8419713810050490328

4 lagrange the Charlatan (level 1, 0/9 HPs)
             Began as a Spriggan Artificer on Aug 13, 2021.
             Slain by a kobold (1 damage)
             ... on level 1 of the Dungeon.
             The game lasted 00:00:59 (336 turns).

lagrange the Charlatan (Spriggan Artificer)          Turns: 336, Time: 00:01:00

Health: 0/9        AC:  2    Str:  8    XL:     1   Next: 50%
Magic:  2/2        EV: 17    Int: 12    God:
Gold:   8          SH:  0    Dex: 15    Spells: 0/0 levels left

rFire    . . .     SeeInvis +   a - +0 club
rCold    . . .     Faith    .   (shield restricted)
rNeg     . . .     Spirit   .   b - +0 robe
rPois    .         Reflect  .   (helmet restricted)
rElec    .         Harm     .   (no cloak)
rCorr    .         Rampage  .   (gloves unavailable)
Will     .....                  (boots unavailable)
Stlth    ++........             (no amulet)
HPRegen  0.03/turn              (no ring)
MPRegen  0.08/turn              (no ring)

@: very quick
A: very small, no large weapons, unfitting armour, see invisible, speed 3
a: no special abilities


You were on level 1 of the Dungeon.
You visited 1 branch of the dungeon, and saw 1 of its levels.

You collected 8 gold pieces.

Inventory:

Hand Weapons
 a - a +0 club (weapon)
Armour
 b - a +0 robe (worn)
Wands
 c - a wand of flame (11) (quivered)
 d - a wand of charming (15)
Miscellaneous
 e - a piece from Xom's chessboard (14/15)


   Skills:
 - Level 0.7 Fighting
 + Level 3.3 Dodging
 + Level 1.9 Stealth
 + Level 4.1 Evocations


You couldn't memorise any spells.
You didn't know any spells.
Your spell library was empty.

Dungeon Overview and Level Annotations

Branches:
Dungeon (1/15)

Altars:


Innate Abilities, Weirdness & Mutations

You are very small and have problems with some larger weapons.
You are too small for most types of armour.
You have supernaturally acute eyesight. (SInv)
You cover ground extremely quickly. (Speed+++)


Message History

HP restored.
You see here a hobgoblin corpse.
There is an open door here.
You now have 8 gold pieces.
A ball python comes into view.
The ball python hisses angrily.
You make a move on Xom's chessboard...
The ball python seems to speed up.
The ball python barely misses you. The ball python grabs you.
The ball python constricts you.
You barely miss the ball python. The ball python bites you.
The ball python constricts you. The ball python barely misses you.
The ball python constricts you.
You closely miss the ball python. The ball python misses you.
The ball python constricts you. The ball python barely misses you.
The ball python constricts you.
You hit the ball python.
You kill the ball python!
A kobold comes into view. It is wielding a +0 club.
You see here a scroll labelled XOUDANT SIDUSS.
Found a stone staircase leading down.
The kobold shouts!
The kobold misses you.
You hit the kobold.
The kobold is severely wounded.
The kobold misses you.
You closely miss the kobold.
The kobold is severely wounded.
The kobold hits you with a +0 club. The kobold closely misses you.
You hit the kobold but do no damage.
The kobold is severely wounded.
The kobold hits you with a +0 club.
You barely miss the kobold.
The kobold is severely wounded.
The kobold misses you.
You closely miss the kobold.
The kobold is severely wounded.
The kobold hits you with a +0 club.
* * * LOW HITPOINT WARNING * * *
The kobold hits you with a +0 club.
You die...

#.###.########
#.#..........#.#
#.....######.#.#
#.....#......#.#
#.....#.#..#.#.#
###.....#.#..#.#.#
........#.#..#.#.#
...#....#.#..#.#K#
...#....#.#.##.#@#
...####.#......#.#
...####.########.######.
...............?.......>
...#########.###.#######
.### #.# #... '### .$#
##### ..8# ...# #.##
....#


You could see a kobold.

Vanquished Creatures
  An endoplasm (D:1)
  A hobgoblin (D:1)
  A ball python (D:1)
  A frilled lizard (D:1)
4 creatures vanquished.

Notes
Turn   | Place    | Note
-------+----------+-------------------------------------------
     0 | D:1      | lagrange the Spriggan Artificer began the quest for the
                  | Orb.
     0 | D:1      | Reached XP level 1. HP: 9/9 MP: 2/2
   336 | D:1      | Slain by a kobold

Illustrated notes

Levels and vault maps discovered:
D:1:      heliophobic_arrival_ceremonial_halls, layout_basic

Action                   || total
-------------------------++-------
Melee: Club              ||    14
Evoke: Wand              ||     4
       Piece from Xom's  ||     1
 Stab: Sleeping          ||     1
Dodge: Dodged            ||    13
